 Dungeon Sprint DCSS version 0.30-a0-137-gd8773701ce (webtiles) character file.

Game seed: 11633902175641910666

9 purpskrrrp the Insei (level 1, 0/16 HPs)
             Began as a Demigod Transmuter on Sept 22, 2022.
             Killed from afar by an oklob sapling (16 damage)
             ... with a splash of acid
             ... in the Dungeon (Sprint IV: "Fedhas' Mad Dash").
             The game lasted 00:00:35 (88 turns).

purpskrrrp the Insei (Demigod Transmuter)             Turns: 88, Time: 00:00:37

Health: 0/16       AC:  2    Str: 11    XL:     1   Next: 93%
Magic:  5/6        EV: 12    Int: 15    God:
Gold:   0          SH:  0    Dex: 14    Spells: 3/4 levels left

rFire   . . .      SeeInvis .    d - +0 mace
rCold   . . .      Faith    .    (no shield)
rNeg    . . .      Spirit   .    a - +0 robe
rPois   .          Reflect  .    (helmet currently unavailable)
rElec   .          Harm     .    (no cloak)
rCorr   .          Rampage  .    (no gloves)
Will    .....      NoTele   +    (boots currently unavailable)
Stlth   +.........               (no amulet)
HPRegen 0.05/turn                (no ring)
MPRegen 0.10/turn                (no ring)

@: appendages (expiring)
A: horns 2, talons 2, high MP 1, forlorn, divine attributes
a: End Transformation


You were in the Dungeon.
You had temporarily grown beastly horns and talons.
You visited 1 branch

Inventory:

Hand Weapons
 d - a +0 mace (weapon)
Armour
 a - a +0 robe (worn)
Scrolls
 h - a scroll of blinking
Potions
 b - a potion of lignification
 c - a potion of curing
 e - a potion of haste
 f - 2 potions of magic
 g - a potion of berserk rage


   Skills:
 + Level 1.0 Fighting
 + Level 2.1 Dodging
 + Level 3.8 Unarmed Combat
 + Level 2.3 Spellcasting
 + Level 2.2 Transmutations


You had 3 spell levels left.
You knew the following spells:

 Your Spells              Type           Power      Damage    Failure   Level
a - Beastly Appendage     Tmut           16%        N/A       9%          1

Your spell library contained the following spells:

 Spells                   Type           Power      Damage    Failure   Level
 Wereblood                Tmut           8%         N/A       13%         2
 Spider Form              Tmut/Pois      5%         N/A       38%         3
 Ice Form                 Ice/Tmut       5%         N/A       80%         4


Dungeon Overview and Level Annotations

Branches:
Dungeon (1/1)

Annotations:
D exclusion: oklob sapling


Innate Abilities, Weirdness & Mutations

You have temporarily grown beastly horns and talons.
You have an increased reservoir of magic. (+10% MP)
You shall have no god before yourself.
Your divine heritage dramatically boosts your attributes as you level up.


Message History

The river rat misses you.
You hit the river rat.
The river rat is almost dead.
The river rat misses you.
You hit the river rat.
You kill the river rat!
Your Fighting skill increases to level 1!
Your Dodging skill increases to level 2!
Your Unarmed Combat skill increases to level 3!
Your Spellcasting skill increases to level 2!
Your Transmutations skill increases to level 2!
You hit the rat.
The rat is severely wounded.
The rat closely misses you.
You hit the rat.
You kill the rat!
There is an open door, spattered with blood here.
Things that are here:
a rat corpse; a river rat corpse You see here a +0 mace.
d - a +0 mace (weapon)
You start resting.
Magic restored.
You start resting.
HP restored.
Unknown command.
You grow a pair of large bovine horns.
Your feet morph into talons.
You open the door.
An oklob sapling comes into view.
Marking area around an oklob sapling as unsafe for travelling.
Found 44 gold pieces.
There is an open door here.
You hit the oklob sapling but do no damage.
You claw the oklob sapling, but do no damage.
You headbutt the oklob sapling, but do no damage.
Your transformation is almost over.
The oklob sapling spits acid at you. The splash of acid hits you!
Ouch! That really hurt!
You die...

##################
#<..P#.....#.$$$$#
#PP..†.....@.#
#PPPP#.....#P#
##############


You could see an oklob sapling.

Vanquished Creatures
  A river rat (D)
  A rat (D)
2 creatures vanquished.

Notes
Turn   | Place    | Note
-------+----------+-------------------------------------------
     0 | D        | purpskrrrp the Demigod Transmuter began the quest for the
                  | Orb.
     0 | D        | Reached XP level 1. HP: 15/15 MP: 5/5
    23 | D        | Reached skill level 1 in Fighting
    23 | D        | Reached skill level 3 in Unarmed Combat
    86 | D        | Noticed an oklob sapling
    88 | D        | Killed from afar by an oklob sapling

Illustrated notes

Levels and vault maps discovered:
D:        dungeon_sprint_fedhas [sprint_temple]

Skill      XL: |  1 |
---------------+----+-----
Fighting       | 1 |  1.0
Dodging        | 2 |  2.1
Unarmed Combat | 3 |  3.8
Spellcasting   | 2 |  2.3
Transmutations | 2 |  2.2

Action                   || total
-------------------------++-------
Melee: Unarmed           ||    13
       Headbutt          ||     3
       Mace              ||     1
       Kick              ||     1
 Cast: Beastly Appendage ||     3
  Use: Potion            ||     1
Armor: Robe              ||     4
Dodge: Dodged            ||    10

Table legend: (Time is in decaauts)
 A = Elapsed time spent in this place.
 B = Non-inter-level travel time spent in this place.
 C = Inter-level travel time spent in this place.
 D = Time resting spent in this place.
 E = Time spent auto-exploring this place.
 F = Levels seen in this place.
 G = Mean time per level.
                   A        B        C        D        E       F      G
               +--------+--------+--------+--------+--------+-----+--------+
         Total |     86 |     86 |      0 |     53 |      0 |   1 |   86.0 |
       Dungeon |     86 |     86 |      0 |     53 |      0 |   1 |   86.0 |
               +--------+--------+--------+--------+--------+-----+--------+

Top non-repeatable levels by time:
       D: 86 daAuts
